 Dungeon Crawl Stone Soup version 0.26-b1-32-g5d43845318 (webtiles) character file.

Game seed: 7629263923193420659

62 jmlagarto the Grave Robber (level 3, -1/19 HPs)
             Began as a Deep Elf Necromancer on Jan 11, 2021.
             Slain by a hobgoblin
             ... wielding a +0 club
              (3 damage)
             ... on level 2 of the Dungeon.
             The game lasted 00:05:03 (1668 turns).

jmlagarto the Grave Robber (Deep Elf Necromancer)   Turns: 1668, Time: 00:05:03

Health: -1/19      AC:  2    Str:  5    XL:     3   Next: 85%
Magic:  0/10       EV: 13    Int: 20    God:
Gold:   79         SH:  0    Dex: 15    Spells: 8/10 levels left

rFire    . . .     SeeInvis .   g - +0 dagger
rCold    . . .     Faith    .   (no shield)
rNeg     . . .     Spirit   .   a - +0 robe
rPois    .         Reflect  .   (no helmet)
rElec    .         Harm     .   (no cloak)
rCorr    .         Rampage  .   (no gloves)
Will     .....                  (no boots)
Stlth    ++........             b - amulet of regeneration
HPRegen  0.46/turn              (no ring)
MPRegen  0.12/turn              (no ring)

@: brilliant, lethally poisoned (-1 -> -2), about to teleport
A: no striking features
a: no special abilities


You were on level 2 of the Dungeon.
You visited 1 branch of the dungeon, and saw 2 of its levels.

You collected 79 gold pieces.

Inventory:

Hand Weapons
 g - a +0 dagger (weapon)
Armour
 a - a +0 robe (worn)
Jewellery
 b - an amulet of regeneration (around neck)
Scrolls
 c - 4 scrolls of identify
 d - a scroll of teleportation
 f - a scroll of noise {unknown}
Potions
 e - a potion of brilliance


   Skills:
 + Level 2.5 Dodging
 + Level 2.8 Stealth
 + Level 4.4 Spellcasting
 + Level 5.7 Necromancy


You had 8 spell levels left.
You knew the following spells:

 Your Spells              Type           Power        Failure   Level
a - Pain                  Necr           100%         1%          1
b - Animate Skeleton      Necr           82%          1%          1

Your spell library contained the following spells:

 Spells                   Type           Power        Failure   Level
 Vampiric Draining        Necr           20%          3%          3
 Animate Dead             Necr           20%          12%         4
 Agony                    Necr           41%          32%         5


Dungeon Overview and Level Annotations

Branches:
Dungeon (2/15)

Altars:
Ru
Wu Jian


Message History

The bat hits your rat skeleton.
Your rat skeleton is destroyed!
Casting: Pain (safe; 1% risk of failure)
Confirm with . or Enter, or press ? or * to list all spells.
Aiming: Pain (safe; 1% risk of failure)
Press: ? - help, Shift-Dir - straight line, f - hobgoblin
Aim: a hobgoblin, wielding a +0 club (moderately wounded, chance to affect: 93%)
You feel a surge of power!
The hobgoblin writhes in agony.
The hobgoblin hits you with a +0 club.
* * * LOW HITPOINT WARNING * * *
Casting: Pain (safe; 1% risk of failure)
Confirm with . or Enter, or press ? or * to list all spells.
You don't have enough magic to cast that spell.
As you read the scroll labelled CAZI HUIPATIZI, it crumbles to dust.
It is a scroll of identify.
d - 2 scrolls of teleportation The hobgoblin completely misses you.
As you read the scroll of teleportation, it crumbles to dust.
You feel strangely unstable. The hobgoblin hits you with a +0 club.
You die...

#.# #.# ###.# #.# #...# #.# ###
...... #.#.# #.# ..### .....
#.#####.# .... .... #.....#.####
..# ... ###.....#....### #.# >.
#...##..#.##...#####.## .######
##....#..#......@ggb.).###.......
...._......#########.............
..#....##### ###....)......
..##...# ### #.###.......
.....### ###8###.... .......
.....# ##8...8##...# ..#.##.
####.# #####.......##... ....#
#.##.# #.##8..._...8#..###....
#.##.# ##.###.......##... ....g


You could see a hobgoblin, a goblin and a bat.

Vanquished Creatures
  2 adders (D:2)
  A worm (D:2)
  A dart slug (D:1)
  A ball python (D:1)
  5 bats (D:1)
  3 giant cockroaches (D:1)
  8 goblins
  2 hobgoblins
  3 frilled lizards
  3 kobolds
  7 rats
36 creatures vanquished.

Vanquished Creatures (collateral kills)
  A giant cockroach (D:2)
  2 goblins (D:2)
  A hobgoblin (D:1)
4 creatures vanquished.

Grand Total: 40 creatures vanquished

Notes
Turn   | Place    | Note
-------+----------+-------------------------------------------
     0 | D:1      | jmlagarto the Deep Elf Necromancer began the quest for the
                  | Orb.
     0 | D:1      | Reached XP level 1. HP: 10/10 MP: 6/6
    31 | D:1      | Learned a level 1 spell: Animate Skeleton
    60 | D:1      | Reached skill level 5 in Necromancy
   386 | D:1      | Reached XP level 2. HP: 15/15 MP: 5/8
  1234 | D:1      | Reached XP level 3. HP: 17/19 MP: 6/10
  1441 | D:2      | Found an ornate altar of the Wu Jian Council.
  1584 | D:2      | Found a sacrificial altar of Ru.
  1668 | D:2      | Slain by a hobgoblin

Illustrated notes

Levels and vault maps discovered:
D:1:      dpeg_arrival_chambers_temple_mockup, layout_basic, nrook_mini_vaults,
          minmay_misc_feat_pillars
D:2:      layout_rooms, nicolae_overflow_crystal_walls,
          nzn_wu_jian_council_hall, bloody_makhleb

Skill      XL: |  1  2  3 |
---------------+----------+-----
Necromancy     | 5 |  5.7
Spellcasting   | 4 |  4.4
Dodging        | |  2.5
Stealth        | |  2.8

Action                   || total
-------------------------++-------
Melee: Unarmed           ||     1
       Dagger            ||    17
 Cast: Pain              ||    67
       Animate Skeleton  ||    12
  Use: Scroll            ||     2
       Potion            ||     1
Armor: Robe              ||     9
Dodge: Dodged            ||    38
